 Dungeon Crawl Stone Soup version 0.23-a0-636-g0ff6057 (webtiles) character file.

7 TheGoonsmith the Chiller (level 1, 0/13 HPs)
             Began as a Demonspawn Ice Elementalist on Dec 28, 2018.
             Killed from afar by a dart slug (3 damage)
             ... with a slug dart
             ... on level 1 of the Dungeon.
             The game lasted 00:00:39 (238 turns).

TheGoonsmith the Chiller (DsIE)                      Turns: 238, Time: 00:00:39

Health: 0/13       AC:  2    Str:  8    XL:     1   Next: 91%
Magic:  1/3        EV: 12    Int: 16    God:
Gold:   15         SH:  0    Dex: 13    Spells: 3/4 levels left

rFire    . . .     SeeInvis .   (no weapon)
rCold    . . .     Gourm    .   (no shield)
rNeg     . . .     Faith    .   a - +0 robe
rPois    .         Spirit   .   (no helmet)
rElec    .         Reflect  .   (no cloak)
rCorr    .         Harm     .   (no gloves)
MR       .....                  (no boots)
Stlth    ++........             (no amulet)
HPRegen  0.04/turn              (no ring)
MPRegen  0.08/turn              (no ring)

@: no status effects
A: no striking features
a: no special abilities


You were on level 1 of the Dungeon.
You were not hungry.

You visited 1 branch of the dungeon, and saw 1 of its levels.

You collected 15 gold pieces.

Inventory:

Armour
 a - a +0 robe (worn)
Potions
 b - a potion of curing {unknown}
Comestibles
 c - 2 rations
 d - 2 chunks of flesh


   Skills:
 - Level 1.7 Dodging
 - Level 1.7 Stealth
 + Level 2.3 Spellcasting
   Level 1.0 Conjurations
 + Level 3.0 Ice Magic


You had 3 spell levels left.
You knew the following spells:

 Your Spells              Type           Power        Failure   Level  Hunger
a - Freeze                Ice            ##..         6%          1    #......

Your spell library contained the following spells:

 Spells                   Type           Power        Failure   Level  Hunger
 Throw Frost              Conj/Ice       #.....       14%         2    ###....
 Ozocubu's Armour         Chrm/Ice       #.......     32%         3    ###....
 Throw Icicle             Conj/Ice       #.......     65%         4    #####..
 Summon Ice Beast         Ice/Summ       #.......     73%         4    #####..


Dungeon Overview and Level Annotations

Branches:
Dungeon (1/15)

Altars:


Message History

You freeze the leopard gecko.
The leopard gecko is heavily wounded.
The leopard gecko seems to slow down.
The leopard gecko closely misses you.
The leopard gecko is no longer moving slowly.
The leopard gecko closely misses you.
The leopard gecko hisses menacingly.
The leopard gecko barely misses you.
Casting: Freeze (safe; 6% risk of failure)
Confirm with . or Enter, or press ? or * to list all spells.
Aiming: Freeze (safe; 6% risk of failure)
Press: ? - help, Shift-Dir - straight line, f/p - leopard gecko
Aim: a leopard gecko (moderately wounded, clinging)
You freeze the leopard gecko.
You kill the leopard gecko!
Your Ice Magic skill increases to level 3!
You start resting.
The dart slug is too close now for your liking.
The dart slug launches a dart at you. The slug dart hits you!
You die...

#.#.#.#.#.# #######.#.#.#.#.#
........#'#.#.#.#
####..........w.#
...........######
####........w...#
...'....[..####.#
##.#........###.#####
...####.......#.@...#
≈...##...≈≈≈≈.÷.....# .#
≈§......≈≈≈≈≈≈......##+###.###
≈≈..><..≈≈≈≈≈≈.............#..
≈≈......≈≈≈≈≈≈..###........#.#
≈..####..≈≈≈≈...###w.......#.#
..##
##......#.w..........#.####
..# #.##########..............
..## #.# ##.............


You could see a dart slug.

Vanquished Creatures
  2 leopard geckos (D:1)
  2 goblins (D:1)
  A frilled lizard (D:1)
5 creatures vanquished.

Notes
Turn   | Place    | Note
-------+----------+-------------------------------------------
     0 | D:1      | TheGoonsmith the Demonspawn Ice Elementalist began the
                  | quest for the Orb.
     0 | D:1      | Reached XP level 1. HP: 13/13 MP: 3/3
   226 | D:1      | Reached skill level 3 in Ice Magic
   238 | D:1      | Killed from afar by a dart slug

Vault maps used:
D:1:      dpeg_arrival_pits

Skill      XL: |  1 |
---------------+----+-----
Ice Magic      | 3 |  3.0
Dodging        | |  1.7
Stealth        | |  1.7
Spellcasting   | |  2.3
Conjurations   | |  1.0

Action                   || total
-------------------------++-------
 Cast: Freeze            ||    11
Armor: Robe              ||     1
Dodge: Dodged            ||     9

Table legend:
 A = Non-vault XP
 B = Vault XP
 C = Vault XP percentage of total XP
 D = Non-vault monster count
 E = Vault monster count
 F = Vault count percentage of total count
                 A         B        C        D         E       F
            +---------+---------+-------+---------+---------+-------
      Total |      11 |       0 |   0.0 |       5 |       0 |   0.0
            +---------+---------+-------+---------+---------+-------
        D:1 |      11 |       0 |   0.0 |       5 |       0 |   0.0
            +---------+---------+-------+---------+---------+-------
